 Dungeon Crawl Stone Soup version 0.21.0 (webtiles) character file.

122 BrokenGlass the Ruffian (level 5, 0/36 HPs)
             Began as an Octopode Fighter on Jan 7, 2018.
             Slain by a bat (1 damage)
             ... on level 3 of the Dungeon.
             The game lasted 00:02:42 (1591 turns).

BrokenGlass the Ruffian (Octopode Fighter)          Turns: 1591, Time: 00:02:43

Health: 0/36       AC:  1    Str: 17    XL:     5   Next: 6%
Magic:  5/5        EV: 14    Int: 10    God:
Gold:   100        SH:  0    Dex: 11    Spells: 4/4 levels left

rFire    . . .     SeeInvis .     - Unarmed
rCold    . . .     Gourm    .   (no shield)
rNeg     . . .     Faith    .   (helmet restricted)
rPois    .         Spirit   .   (no amulet)
rElec    .         Reflect  .   (no ring)
rCorr    .         Harm     .   (no ring)
MR       .....                  (no ring)
Stlth    ++........             (no ring)
HPRegen  0.12/turn              (no ring)
MPRegen  0.09/turn              (no ring)
                                (no ring)
                                (no ring)

@: no status effects
A: almost no armour, stealthy swim, amphibious, 8 rings, constrict 8, camouflage
1, gelatinous body 1
a: no special abilities


You were on level 3 of the Dungeon.
You were very hungry.

You visited 1 branch of the dungeon, and saw 4 of its levels.

You collected 100 gold pieces.

Inventory:

Missiles
 j - 23 bolts
Armour
 a - a +0 shield
Wands
 i - a wand of enslavement (8)
Scrolls
 e - a scroll of teleportation {unknown}
 f - a scroll of fog {unknown}
 k - a scroll of identify {unknown}
Potions
 b - 2 potions of might
 d - a potion of brilliance
 g - a potion of haste
 h - a potion of invisibility
Comestibles
 c - 7 rations


   Skills:
 - Level 3.0 Fighting
 - Level 3.0 Dodging
 - Level 3.0 Shields
 + Level 5.1 Unarmed Combat


You had 4 spell levels left.
You didn't know any spells.

Dungeon Overview and Level Annotations

Branches:
Dungeon (4/15)
 Temple: D:4-7

Altars:
Xom
The Shining One

Annotations:
D:2 Robin


Innate Abilities, Weirdness & Mutations

You cannot wear most types of armour.
You are very stealthy in the water. (Stealth+)
You are amphibious.
You can wear up to eight rings at the same time.
You can use your tentacles to constrict eight enemies at once.
Your skin changes colour to match your surroundings (Stealth+).
Your rubbery body absorbs attacks. (AC +1, EV +1)


Message History

A kobold comes into view. It is wielding a dagger.
The bat hits you but does no damage.
You see here 19 gold pieces.
The bat misses you.
You are too injured to fight recklessly!
A rat comes into view.
The kobold shouts!
The bat closely misses you.
The kobold throws a stone.
The stone hits you.
* * * LOW HITPOINT WARNING * * *
The rat bites you but does no damage.
You see here a stone.
You bludgeon the rat!
You kill the rat!
The bat barely misses you. The orc barely misses you.
The kobold throws a stone.
The stone hits you.
* * * LOW HITPOINT WARNING * * *
Unknown command.
Unknown command.
The bat hits you.
You die...

..#.......#....#...#.###.#.#.#
####.........######.#......S#.#
+.........!...... ......#.#...#
####.........######.#.......#.
#..$.............#.#.#.#.# #
#.#.#.##..$o..##.#!#.#.#...
#.#........o(.# g...#.# ## #
###.#.....#b# #.......#@#
..##)....#.# . #...#.#.# #
#...#>#.# # #.K...... #
#######.# # #.# # #.# # #


You could see an orc and a bat.

Vanquished Creatures
  An orc priest (D:3)
  Ijyb (D:3)
  2 oozes (D:2)
  A worm (D:2)
  The ghost of Esekla the Vexing, a weakling SpAM (D:3)
  2 leopard geckos
  2 orcs (D:3)
  A giant cockroach (D:1)
  10 hobgoblins
  A kobold (D:2)
  A ball python (D:1)
  5 bats
  2 frilled lizards
  9 goblins
  10 rats
49 creatures vanquished.

Notes
Turn   | Place    | Note
-------+----------+-------------------------------------------
     0 | D:1      | BrokenGlass the Octopode Fighter began the quest for the Orb.
     0 | D:1      | Reached XP level 1. HP: 16/16 MP: 1/1
   282 | D:1      | Reached XP level 2. HP: 21/21 MP: 2/2
   353 | D:1      | Found a shimmering altar of Xom.
   496 | D:1      | Reached skill level 3 in Unarmed Combat
   809 | D:2      | Reached XP level 3. HP: 20/26 MP: 3/3
  1227 | D:2      | Found a glowing golden altar of the Shining One.
  1229 | D:2      | Noticed an angel
  1278 | D:2      | Reached skill level 4 in Unarmed Combat
  1284 | D:2      | Noticed Robin
  1412 | D:3      | Reached XP level 4. HP: 16/31 MP: 4/4
  1438 | D:3      | Noticed Esekla's ghost (weakling SpAM)
  1439 | D:3      | Noticed Ijyb
  1462 | D:3      | Killed Esekla's ghost
  1467 | D:3      | Killed Ijyb
  1520 | D:3      | Reached skill level 5 in Unarmed Combat
  1520 | D:3      | Reached XP level 5. HP: 8/36 MP: 5/5
  1589 | D:3      | HP: 1/36 [kobold/stone (3)]
  1591 | D:3      | Slain by a bat

Skill      XL: |  1  2  3  4 |
---------------+-------------+-----
Unarmed Combat | 3 4 5 |  5.1
Fighting       | |  3.0
Dodging        | |  3.0
Shields        | |  3.0

Action                   |  1- 3 |  4- 6 || total
-------------------------+-------+-------++-------
Melee: Unarmed           |    96 |    17 ||   113
       Constrict         |    23 |     4 ||    27
       Tentacles         |    16 |     8 ||    24
       Punch             |     1 |     1 ||     2
  Use: Potion            |       |     5 ||     5
 Stab: Sleeping          |     6 |       ||     6
       Invisible         |       |     1 ||     1
  Eat: Chunk             |       |     1 ||     1
Armor: Skin              |    12 |     5 ||    17
Dodge: Dodged            |    57 |    19 ||    76
